 Dungeon Crawl Stone Soup version 0.21.1-1-g345015fe64 (webtiles) character file.

4585 Razbojnik the Thaumaturge (level 10, -3/53 HPs)
             Began as a Deep Elf Conjurer on July 27, 2018.
             Was a Believer of Vehumet.
             Slain by a basilisk (7 damage)
             ... on level 9 of the Dungeon.
             The game lasted 00:55:24 (9640 turns).

Razbojnik the Thaumaturge (Deep Elf Conjurer)       Turns: 9640, Time: 00:55:25

Health: -3/53      AC:  5    Str:  5    XL:     10   Next: 18%
Magic:  17/27      EV:  2    Int: 27    God:    Vehumet [**....]
Gold:   407        SH:  0    Dex: 15    Spells: 16/31 levels left

rFire    . . .     SeeInvis .   e - +0 short sword
rCold    . . .     Gourm    .   (no shield)
rNeg     + + +     Faith    .   a - +0 robe
rPois    ∞         Spirit   .   E - +1 helmet {Int+3}
rElec    .         Reflect  .   (no cloak)
rCorr    +         Harm     .   L - +0 pair of gloves
MR       +....                  (no boots)
Stlth    +++.......             s - amulet of magic regeneration
HPRegen  0.17/turn              p - ring of wizardry
MPRegen  0.45/turn              y - ring of resist corrosion

@: petrified
A: no striking features
a: Renounce Religion


You were on level 9 of the Dungeon.
You worshipped Vehumet.
Vehumet was pleased with you.
You were hungry.

You visited 2 branches of the dungeon, and saw 10 of its levels.

You collected 407 gold pieces.

Inventory:

Hand Weapons
 d - a +0 hunting sling
 e - a +0 short sword (weapon)
 D - a +2 mace of draining
 I - a cursed +3 trident of freezing
 P - a +2 short sword of venom
Missiles
 j - 42 sling bullets
 m - 29 poisoned needles
 x - 14 tomahawks (quivered)
 Z - 8 tomahawks of returning
Armour
 a - a +0 robe (worn)
 n - a +0 leather armour
 E - a +1 helmet of intelligence (worn)
 L - a +0 pair of gloves (worn)
 O - a +0 shield
Jewellery
 p - a ring of wizardry (left hand)
 s - an amulet of magic regeneration (around neck)
 y - a ring of resist corrosion (right hand)
 G - an uncursed ring of wizardry
 H - an uncursed ring of positive energy {unknown}
Wands
 K - a wand of random effects (10)
 X - a wand of flame (24)
 Y - a wand of acid (9)
Scrolls
 f - 3 scrolls of noise {unknown}
 h - a scroll of amnesia {unknown}
 i - 6 scrolls of teleportation {unknown}
 l - 9 scrolls of identify {unknown}
 o - 7 scrolls of immolation {unknown}
 w - 2 scrolls of magic mapping {unknown}
 z - 3 scrolls of enchant weapon {unknown}
 B - 3 scrolls of remove curse {unknown}
 F - a scroll of blinking {unknown}
 J - a scroll of enchant armour {unknown}
 N - a scroll of fog {unknown}
 R - a scroll of random uselessness {unknown}
 T - a scroll of acquirement {unknown}
 W - 2 scrolls of summoning {unknown}
Potions
 g - 3 potions of lignification {unknown}
 k - 3 potions of curing
 q - a potion of resistance {unknown}
 r - a potion of heal wounds {unknown}
 t - 2 potions of might {unknown}
 u - 2 potions of brilliance {unknown}
 v - 4 potions of degeneration {unknown}
 A - 2 potions of flight {unknown}
 C - a potion of haste {unknown}
 M - 2 potions of mutation {unknown}
 S - a potion of agility {unknown}
 V - a potion of invisibility {unknown}
Books
 b - a book of Conjurations

   Spells                             Type                      Level
   a - Magic Dart                     Conjuration                  1
   b - Searing Ray                    Conjuration                  2
   c - Dazzling Spray                 Conjuration/Hexes            3
   d - Fulminant Prism                Conjuration/Hexes            4
   e - Force Lance                    Conjuration/Translocation    4
   f - Iskenderun's Mystic Blast      Conjuration                  4
 U - a book of Maledictions

   Spells                             Type                      Level
   a - Corona                         Hexes                        1
   b - Ensorcelled Hibernation        Hexes/Ice                    2
   c - Confuse                        Hexes                        3
   d - Tukima's Dance                 Hexes                        3
   e - Dazzling Spray                 Conjuration/Hexes            3
Comestibles
 c - 22 rations


   Skills:
 - Level 2.0 Fighting
 - Level 1.3 Short Blades
 - Level 1.3 Throwing
 + Level 4.0 Dodging
 + Level 5.0 Stealth
 - Level 4.0 Shields
 + Level 11.3 Spellcasting
 + Level 9.2 Conjurations
 - Level 6.2 Hexes
 - Level 3.4 Poison Magic
 - Level 1.3 Evocations


You had 16 spell levels left.
You knew the following spells:

 Your Spells              Type           Power        Failure   Level  Hunger
a - Magic Dart            Conj           ####         1%          1    None
b - Searing Ray           Conj           ######       1%          2    None
c - Dazzling Spray        Conj/Hex       ######       1%          3    None
d - Fulminant Prism       Conj/Hex       ######....   1%          4    None
e - Iskenderun's Mystic   Conj           ######..     1%          4    None
f - Sting                 Conj/Pois      ####         1%          1    None


Dungeon Overview and Level Annotations

Branches:
Dungeon (9/15)             Temple (1/1) D:6            Lair (0/6) D:9
    Orc: D:9-12

Altars:
Ashenzari
Cheibriados
Dithmenos
Elyvilon
Fedhas
Gozag
Hepliaklqana
Kikubaaqudgha
Makhleb
Nemelex Xobeh
Okawaru
Qazlal
Sif Muna
Trog
Uskayaw
Vehumet
Wu Jian
Xom
Yredelemnul
Zin
The Shining One

Shops:
D:9 *

Annotations:
D:3 exclusion: oklob plant
D:5 exclusion: downstairs
D:7 exclusion: ogre


Message History

The basilisk is heavily wounded.
The orb of energy explodes!
The basilisk bites you! x2
Your limbs are stiffening.
Casting: Iskenderun's Mystic Blast
Confirm with . or Enter, or press ? or * to list all spells.
Aiming: Iskenderun's Mystic Blast
Press: ? - help, Shift-Dir - straight line, f/p - basilisk
Aim: a basilisk (heavily wounded)
The orb of energy hits the basilisk.
The basilisk is severely wounded.
The orb of energy explodes!
The basilisk bites you!
You have turned to stone.
The basilisk bites you. The basilisk bites you!
* * * LOW HITPOINT WARNING * * *
The basilisk bites you!
* * * LOW HITPOINT WARNING * * *
The basilisk bites you!
* * * LOW HITPOINT WARNING * * *
The basilisk bites you!
You die...

.......#.# #..###...# #.# #....
.........# ##..##.### #.# #.###
.......... ##....# ###.# ##.#
........#.# ###(.# #.. ##..#
........#.# #..# #.# ##..####
........#.######.####.####..#....
........#..##....###..#....##....
........##....#..................
............[..l@....#..#####....
.##............####.##.## #....
.##.....####.....####..# #####
....##>.# .........#####
.####...#..P........# .#
#..#...?..........
####.##.......>...... #
#..###...P.....lP.. ###.##
##........P..#


You could see a basilisk.

Vanquished Creatures
  A two-headed ogre (D:6)
  An elephant (D:9)
  A centaur skeleton (D:9)
  The ghost of Razbojnik the Magician, a novice DECj of Vehumet (D:5)
  2 hippogriffs
  A yak (D:8)
  A black bear (D:8)
  2 ice beasts
  A phantom (D:6)
  3 ogres (D:6)
  A sky beast (D:7)
  2 centaurs (D:6)
  A crocodile (D:9)
  4 bullfrogs
  A big kobold (D:9)
  3 scorpions
  4 wights (D:6)
  2 howler monkeys
  A centaur zombie (D:6)
  3 crimson imps
  2 bullfrog zombies (D:5)
  2 jellies
  4 hounds
  A bullfrog skeleton (D:6)
  5 iguanas
  3 orc wizards
  A killer bee zombie (D:6)
  4 worker ants
  2 worker ant zombies (D:5)
  Robin (D:3)
  6 adders
  A shadow imp (D:2)
  2 adder skeletons
  3 worms
  2 dart slugs
  4 leopard geckos
  24 orcs
  15 bats
  4 giant cockroaches
  23 goblins
  9 hobgoblins
  9 jackals
  11 kobolds
  3 quokkas
  3 frilled lizards
  A giant cockroach zombie (D:6)
  A leopard gecko zombie (D:8)
  A quokka zombie (D:7)
  10 rats
193 creatures vanquished.

Vanquished Creatures (others)
  28 fulminant prisms
  A fungus (D:9)
  10 toadstools (D:3)
39 creatures vanquished.

Grand Total: 232 creatures vanquished

Notes
Turn   | Place    | Note
-------+----------+-------------------------------------------
     0 | D:1      | Razbojnik the Deep Elf Conjurer began the quest for the Orb.
     0 | D:1      | Reached XP level 1. HP: 10/10 MP: 6/6
   228 | D:1      | Reached XP level 2. HP: 15/15 MP: 4/8
   232 | D:1      | Learned a level 2 spell: Searing Ray
   523 | D:1      | Reached skill level 4 in Spellcasting
   615 | D:1      | Reached skill level 5 in Conjurations
   615 | D:1      | Reached XP level 3. HP: 19/19 MP: 10/10
   620 | D:1      | Learned a level 3 spell: Dazzling Spray
   926 | D:1      | Reached skill level 1 in Hexes
  1528 | D:2      | Reached XP level 4. HP: 17/24 MP: 7/12
  2012 | D:3      | Noticed Robin
  2552 | D:3      | Learned a level 4 spell: Fulminant Prism
  2570 | D:3      | Found a hazy altar of Hepliaklqana.
  2782 | D:3      | Found a snail-covered altar of Cheibriados.
  2785 | D:3      | Found a glowing silver altar of Zin.
  2926 | D:3      | Reached XP level 5. HP: 28/28 MP: 8/13
  3124 | D:3      | Killed Robin
  3373 | D:3      | Found a blossoming altar of Fedhas.
  3391 | D:3      | Noticed an oklob plant
  3693 | D:3      | Found a deep blue altar of Sif Muna.
  3695 | D:3      | Found an iron altar of Okawaru.
  3752 | D:3      | Found a sparkling altar of Nemelex Xobeh.
  3821 | D:4      | Found a glowing golden altar of the Shining One.
  4188 | D:4      | You fall through a shaft for 3 floors!
  4244 | D:7      | Noticed an ogre
  4286 | D:7      | Reached skill level 5 in Spellcasting
  4286 | D:7      | Reached skill level 5 in Hexes
  4376 | D:7      | Reached XP level 6. HP: 32/32 MP: 9/16
  4426 | D:7      | Reached skill level 6 in Spellcasting
  4526 | D:6      | Found a staircase to the Ecumenical Temple.
  4540 | Temple   | Entered the Ecumenical Temple
  4548 | Temple   | Became a worshipper of Vehumet
  4990 | D:6      | Reached skill level 1 in Evocations
  5004 | D:6      | Reached XP level 7. HP: 36/36 MP: 12/18
  5121 | D:6      | Found an ancient bone altar of Kikubaaqudgha.
  5132 | D:6      | Reached skill level 1 in Throwing
  5135 | D:5      | Entered Level 5 of the Dungeon
  5278 | D:6      | Reached skill level 7 in Spellcasting
  5293 | D:6      | Reached skill level 5 in Stealth
  5335 | D:5      | Noticed a rust devil
  5335 | D:5      | Noticed a rust devil
  5637 | D:6      | Noticed a two-headed ogre
  5660 | D:6      | Learned a level 4 spell: Iskenderun's Mystic Blast
  5672 | D:6      | Reached skill level 1 in Fighting
  5748 | D:6      | Reached XP level 8. HP: 43/43 MP: 15/21
  5830 | D:6      | Reached * piety under Vehumet
  5830 | D:6      | Offered knowledge of Sting by Vehumet.
  5833 | D:6      | Learned a level 1 spell: Sting
  5880 | D:6      | Killed a two-headed ogre
  5880 | D:6      | Reached skill level 8 in Spellcasting
  5958 | D:6      | Reached skill level 1 in Short Blades
  5958 | D:6      | Reached skill level 9 in Spellcasting
  6072 | D:6      | Reached XP level 9. HP: 34/47 MP: 17/24
  7411 | D:5      | Noticed Razbojnik's ghost (novice DECj)
  7417 | D:5      | Killed Razbojnik's ghost
  7417 | D:5      | Reached skill level 1 in Shields
  7500 | D:5      | Reached skill level 10 in Spellcasting
  8375 | D:8      | Found a hide-covered altar of Uskayaw.
  8697 | D:8      | Found an opulent altar of Gozag.
  8927 | D:9      | Noticed an elephant
  9010 | D:8      | Offered knowledge of Shock by Vehumet.
  9058 | D:9      | Found Jiach's Assorted Antiques.
  9136 | D:9      | Reached ** piety under Vehumet
  9223 | D:9      | Killed an elephant
  9223 | D:9      | Reached skill level 11 in Spellcasting
  9223 | D:9      | Reached XP level 10. HP: 53/53 MP: 18/27
  9622 | D:9      | Found a staircase to the Lair.
  9640 | D:9      | Slain by a basilisk

Skill      XL: |  1  2  3  4  5  6  7  8  9 10 |
---------------+-------------------------------+-----
Spellcasting   | 4 5 6 7 9 11 | 11.3
Conjurations   | 5 7 8 9 |  9.2
Hexes          | 3 4 5 6 |  6.2
Stealth        | 3 5 |  5.0
Evocations     | 1 |  1.3
Throwing       | 1 |  1.3
Dodging        | 3 4 |  4.0
Fighting       | 1 2 |  2.0
Poison Magic   | 3 |  3.4
Short Blades   | 1 |  1.3
Shields        | 3 4 |  4.0

Action                   |  1- 3 |  4- 6 |  7- 9 | 10-12 || total
-------------------------+-------+-------+-------+-------++-------
Melee: Short sword       |     1 |     2 |     4 |     2 ||     9
 Fire: Hunting sling     |    21 |     7 |       |       ||    28
Throw: Tomahawk          |       |       |     5 |       ||     5
 Cast: Magic Dart        |    42 |    77 |    60 |     9 ||   188
       Searing Ray       |     9 |    25 |    44 |     5 ||    83
       Dazzling Spray    |       |     9 |     4 |     2 ||    15
       Fulminant Prism   |       |       |    27 |     1 ||    28
       Sting             |       |       |    42 |     5 ||    47
       Iskenderun's Myst |       |       |     8 |     3 ||    11
Evoke: Wand              |       |       |     1 |       ||     1
 Stab: Sleeping          |     1 |       |     3 |       ||     4
  Eat: Chunk             |     2 |     7 |    10 |     1 ||    20
       Ration            |       |     1 |     1 |       ||     2
Armor: Robe              |     2 |     6 |     7 |     2 ||    17
Dodge: Dodged            |     5 |    31 |    44 |     8 ||    88
